 Dungeon Crawl Stone Soup version 0.30-a0-618-gd6c86c23d0 (webtiles) character file.

Game seed: 9478471650074242765

94 Dirtsage the Chopper (level 4, -1/35 HPs)
             Began as a Demonspawn Fighter on Jan 9, 2023.
             Slain by an iguana (9 damage)
             ... on level 2 of the Dungeon.
             The game lasted 00:03:27 (1898 turns).

Dirtsage the Chopper (Demonspawn Fighter)           Turns: 1898, Time: 00:03:27

Health: -1/35      AC: 11    Str: 18    XL:     4   Next: 38%
Magic:  4/4        EV:  9    Int:  9    God:
Gold:   95         SH:  4    Dex: 13    Spells: 3/3 levels left

rFire   . . .      SeeInvis .    a - +0 war axe
rCold   . . .      Faith    .    c - +0 buckler
rNeg    . . .      Spirit   .    b - +0 scale mail
rPois   .          Reflect  .    (helmet restricted)
rElec   .          Harm     .    i - scarf {+Inv}
rCorr   .          Rampage  .    (no gloves)
Will    .....                    (no boots) Stlth
                                 (no amulet)
HPRegen 0.25/turn                g - +4 ring of protection
MPRegen 0.09/turn                (no ring)

@: no status effects
A: horns 1, foul stench 1, sharp scales 1
a: Evoke Invisibility


You were on level 2 of the Dungeon.
You visited 1 branch of the dungeon, and saw 3 of its levels.

You collected 95 gold pieces.

Inventory:

Hand Weapons
 a - a +0 war axe (weapon)
Armour
 b - a +0 scale mail (worn)
 c - a +0 buckler (worn)
 i - a scarf of invisibility (worn)
Jewellery
 g - a +4 ring of protection (left hand)
Scrolls
 h - 2 scrolls of identify {unknown}
 j - 3 scrolls of enchant armour {unknown}
 n - 3 scrolls of teleportation {unknown}
 o - a scroll of fear {unknown}
Potions
 d - 2 potions of might
 e - 2 potions of cancellation {unknown}
 f - a potion of resistance {unknown}
 k - a potion of heal wounds {unknown}
 l - 3 potions of degeneration {unknown}
 m - a potion of invisibility {unknown}
 p - a potion of brilliance {unknown}
 q - a potion of attraction {unknown}
 r - 2 potions of curing {unknown}


   Skills:
 - Level 3.0 Fighting
 + Level 4.3 Axes
 - Level 2.6 Armour
 - Level 2.6 Shields


You had 3 spell levels left.
You didn't know any spells.
Your spell library contained the following spells:

 Spells                   Type           Power      Damage    Failure   Level
 Cigotuvi's Dreadful Rot  Necr/Pois/Air  0%         N/A       95%         2
 Poisonous Vapours        Pois/Air       0%         N/A       95%         2
 Mephitic Cloud           Conj/Pois/Air  0%         N/A       99%         3


Dungeon Overview and Level Annotations

Branches:
Dungeon (3/15)

Altars:
Hepliaklqana


Innate Abilities, Weirdness & Mutations

You have a pair of small horns on your head.
You may rarely emit foul miasma when damaged in melee.
You are partially covered in razor-sharp scales. (AC +1, Slay +1)


Message History

The bat hits you.
* * * LOW HITPOINT WARNING * * *
There is a stone staircase leading up here.
The bat hits you but does no damage.
You climb upwards.
There is a stone staircase leading down here.
You start resting.
An iguana comes into view.
You regained 10 hp, and now have 11/35 hp.
The iguana hisses angrily.
There is a stone staircase leading up here.
You climb upwards.
There is a stone staircase leading down here.
You start resting.
HP restored.
Health restored: 35 You climb downwards.
The iguana bites you.
There is a stone staircase leading up here.
You take 5 damage, and have 30/35 hp.
You hit the iguana but do no damage. Your headbutt misses the iguana.
The iguana bites you. You block the iguana's attack.
You take 3 damage, and have 27/35 hp.
You closely miss the iguana. The iguana closely misses you.
You hit the iguana.
The iguana is lightly wounded.
The iguana bites you.
You take 4 damage, and have 23/35 hp.
You hit the iguana.
The iguana is moderately wounded.
The iguana bites you! The iguana bites you.
You take 8 damage, and have 15/35 hp.
MASSIVE DAMAGE!!
You closely miss the iguana. You headbutt the iguana.
The iguana is moderately wounded.
The iguana bites you!
* * * LOW HITPOINT WARNING * * *
You take 7 damage, and have 8/35 hp.
You barely miss the iguana.
The iguana is moderately wounded.
The iguana bites you!
You die...

###.##.#.......#
#.#...####
#.##.#...###.###.###.#
#........##..........####
####.#.#.#..#....##..#...
#....>..##.#........#.
###l#......##.##..###.
#.#..##......#..###.
#.#...#.##.#.#..##.#
#..@....#.......##.#
###l#.....#####.##.#
#..#.##### #>###. #.##.#
#.###. #.##.# #.##..
#.##.# #..... #.##.#
###..#.. #.##.# #~~~~..)
#.##.#######~####..


You could see an iguana.

Vanquished Creatures
  2 adders
  2 worms (D:2)
  4 dart slugs
  An orc (D:3)
  4 ball pythons (D:1)
  A bat zombie (D:2)
  8 endoplasms
  2 giant cockroaches (D:1)
  3 hobgoblins
  5 jackals
  2 quokkas (D:2)
  A ball python skeleton (D:2)
  2 bats
  4 frilled lizards
  6 goblins
  6 kobolds
  3 rats
  A spectral hobgoblin (D:2)
57 creatures vanquished.

Notes
Turn   | Place    | Note
-------+----------+-------------------------------------------
     0 | D:1      | Dirtsage the Demonspawn Fighter began the quest for the
                  | Orb.
     0 | D:1      | Reached XP level 1. HP: 18/18 MP: 1/1
   125 | D:1      | Reached skill level 2 in Axes
   309 | D:1      | Gained mutation: You may rarely emit foul miasma when
                  | damaged in melee. [demonic ancestry]
   309 | D:1      | Reached XP level 2. HP: 22/24 MP: 2/2
   537 | D:1      | Reached skill level 3 in Axes
   741 | D:1      | Gained mutation: You are partially covered in razor-sharp
                  | scales. (AC +1, Slay +1) [demonic ancestry]
   741 | D:1      | Reached XP level 3. HP: 29/29 MP: 3/3
   833 | D:2      | Found a hazy altar of Hepliaklqana.
  1260 | D:2      | Found a faded altar of an unknown god.
  1519 | D:3      | Reached skill level 4 in Axes
  1519 | D:3      | Gained mutation: You have a pair of small horns on your
                  | head. [demonic ancestry]
  1519 | D:3      | Reached XP level 4. HP: 35/35 MP: 4/4
  1752 | D:3      | HP: 1/35 [orc priest/divine providence (8)]
  1898 | D:2      | Slain by an iguana

Illustrated notes

Levels and vault maps discovered:
D:1:      dpeg_arrival_castle, layout_basic
D:2:      layout_loops_ring, serial_undead, serial_undead_a, serial_undead_d,
          serial_undead_b, serial_undead_c, basic_altar,
          dreamdust_ecumenical_altar_drowned_temple, minmay_tromino_v4_a
D:3:      layout_loops_cross

Skill      XL: |  1  2  3 |
---------------+----------+-----
Axes           | 2 3 4 |  4.3
Fighting       | |  3.0
Armour         | |  2.6
Shields        | |  2.6

Action                   |  1- 3 |  4- 6 || total
-------------------------+-------+-------++-------
Melee: War axe           |   104 |    27 ||   131
       Headbutt          |       |     6 ||     6
Armor: Scale mail        |    57 |    11 ||    68
Dodge: Dodged            |    42 |    14 ||    56
Block: Buckler           |    20 |     4 ||    24

Table legend: (Time is in decaauts)
 A = Elapsed time spent in this place.
 B = Non-inter-level travel time spent in this place.
 C = Inter-level travel time spent in this place.
 D = Time resting spent in this place.
 E = Time spent auto-exploring this place.
 F = Levels seen in this place.
 G = Mean time per level.
                   A        B        C        D        E       F      G
               +--------+--------+--------+--------+--------+-----+--------+
         Total |   1953 |   1914 |     39 |    125 |   1417 |   3 |  651.0 |
       Dungeon |   1953 |   1914 |     39 |    125 |   1417 |   3 |  651.0 |
               +--------+--------+--------+--------+--------+-----+--------+

Top non-repeatable levels by time:
     D:1: 923 daAuts
     D:2: 782 daAuts
     D:3: 248 daAuts
